 Dungeon Crawl Stone Soup version 0.23.2-11-gf996548c65 (webtiles) character file.

Game seed: 8125736517465379291

9 Elsur the Magician (level 2, 12/15 HPs)
             Began as a Deep Elf Wizard on June 3, 2019.
             Quit the game on level 1 of the Dungeon.
             The game lasted 00:09:22 (338 turns).

Elsur the Magician (Deep Elf Wizard)                 Turns: 338, Time: 00:09:22

Health: 12/15      AC:  4    Str:  4    XL:     2   Next: 6%
Magic:  2/10       EV: 11    Int: 22    God:
Gold:   31         SH:  0    Dex: 13    Spells: 8/11 levels left

rFire    . . .     SeeInvis .   f - +0 dagger
rCold    . . .     Gourm    .   (no shield)
rNeg     . . .     Faith    .   m - -1 leather armour
rPois    .         Spirit   .   (no helmet)
rElec    .         Reflect  .   k - +0 cloak
rCorr    .         Harm     .   e - +0 pair of gloves
MR       .....                  (no boots)
Stlth    ++........             (no amulet)
HPRegen  0.05/turn              (no ring)
MPRegen  0.12/turn              (no ring)

@: very slightly contaminated
A: no striking features
a: no special abilities


You were on level 1 of the Dungeon.
You were not hungry.

You visited 1 branch of the dungeon, and saw 1 of its levels.

You collected 31 gold pieces.

Inventory:

Hand Weapons
 f - a +0 dagger (weapon)
Armour
 a - a +0 robe
 b - a +0 hat
 e - a +0 pair of gloves (worn)
 j - a +0 chain mail
 k - a +0 cloak (worn)
 m - a -1 leather armour (worn)
Potions
 c - 2 potions of haste {unknown}
 g - a potion of curing {unknown}
 i - a potion of mutation {unknown}
Comestibles
 d - 3 rations
 h - 5 chunks of flesh


   Skills:
 + Level 2.4 Dodging
 + Level 2.6 Stealth
 + Level 5.1 Spellcasting
 + Level 1.1 Conjurations
   Level 1.1 Summonings
   Level 1.1 Translocations


You had 8 spell levels left.
You knew the following spells:

 Your Spells              Type           Power        Failure   Level  Hunger
a - Magic Dart            Conj           ##..         12%         1    None
b - Slow                  Hex            #.......     26%         2    None

Your spell library contained the following spells:

 Spells                   Type           Power        Failure   Level  Hunger
 Blink                    Tloc           N/A          17%         2    None
 Call Imp                 Summ           ##......     17%         2    None
 Conjure Flame            Conj/Fire      #.......     41%         3    ##.....
 Mephitic Cloud           Conj/Pois/Air  #.......     43%         3    ##.....


Dungeon Overview and Level Annotations

Branches:
Dungeon (1/15)

Altars:


Message History

The hobgoblin is almost dead.
The hobgoblin hits you but does no damage.
Some of the chunks of flesh in your inventory have rotted away.
You closely miss the hobgoblin.
The hobgoblin is almost dead.
The hobgoblin misses you.
You closely miss the hobgoblin.
The hobgoblin is almost dead.
The hobgoblin hits you with a +0 club.
You hit the hobgoblin.
You kill the hobgoblin!
Things that are here:
a +0 club; a hobgoblin corpse You butcher the hobgoblin corpse.
h - 5 chunks of flesh (gained 4)
Things that are here:
a +0 club; a hobgoblin skeleton Unknown command.
Unknown command.
Are you sure you want to abandon this character and quit the game? (Confirm with "yes".)

##.## ###............
####...####...........#
..#..≈..#.....#.....#
≈....≈....≈..8#.....#
.≈..≈≈≈..≈...##.....######
..≈≈≈≈≈≈≈.....#..........#
≈≈≈≈...≈≈≈≈..............##
≈≈≈..<..≈≈≈≈≈.......####..#####
≈≈≈≈...≈≈≈≈.....@...##........#
..≈≈≈≈≈≈≈.....#..).###.###....#
.≈..≈≈≈..≈...##....##.. ##....#
≈....≈....≈..8#...###. #.....#
..#..≈..#.....#...#...###.#...#
####...####.........###...#...##
# ##.#######.)......#..#......#
...............##.#....####.#
#......##.####.......### #.#


There were no monsters in sight!

Vanquished Creatures
  A giant cockroach (D:1)
  2 goblins (D:1)
  A hobgoblin (D:1)
  2 frilled lizards (D:1)
  2 kobolds (D:1)
  A rat (D:1)
9 creatures vanquished.

Notes
Turn   | Place    | Note
-------+----------+-------------------------------------------
     0 | D:1      | Elsur the Deep Elf Wizard began the quest for the Orb.
     0 | D:1      | Reached XP level 1. HP: 10/10 MP: 7/7
   303 | D:1      | Reached skill level 5 in Spellcasting
   303 | D:1      | Reached XP level 2. HP: 15/15 MP: 5/10
   307 | D:1      | Learned a level 2 spell: Slow
   338 | D:1      | Quit the game

Skill      XL: |  1 |
---------------+----+-----
Spellcasting   | 5 |  5.1
Dodging        | |  2.4
Stealth        | |  2.6
Conjurations   | |  1.1
Summonings     | |  1.1
Translocations | |  1.1

Action                   || total
-------------------------++-------
Melee: Dagger            ||    18
 Cast: Magic Dart        ||    15
       Slow              ||     1
  Use: Scroll            ||     1
Armor: Chain mail        ||     8
       Robe              ||     1
Dodge: Dodged            ||     5
